[Event "*** Titled Tuesday 3|2 Blitz"]
[Site "Chess.com"]
[Date "2016.10.04"]
[Round "9"]
[White "Sven_Tica"]
[Black "Frolyanov_D"]
[Result "0-1"]
[WhiteElo "2378"]
[BlackElo "2427"]
[TimeControl "180+2"]
[EndTime "12:50:40 PDT"]
[Termination "Frolyanov_D won by resignation"]

1. d4 Nf6 2. c4 e6 3. g3 d5 4.
Bg2 Nc6 5. Nf3 dxc4 6. Qa4 Bb4+ 7. Bd2 Bd6 8. O-O O-O 9. Qxc4 e5 10. dxe5 Nxe5 11. Nxe5 Bxe5 12. Bc3 Qe7 13. Bxe5 Qxe5 14. Nc3 c6 15. Rad1 Be6 16. Qb4 Qc7 17. Rd2 a5 18.
Qf4 Qxf4 19. gxf4 Rfd8 20. Rfd1 Rxd2 21. Rxd2 Kf8 22. e4 Ke7 23. f5 Bd7 24. f4 Ne8 25. Kf2 f6 26. Ke3 Nd6 27. Bf1 b5 28. Kd4 Rd8 29.
Kc5 Be8 30. Rxd6 Rxd6 31. e5 Rd2 32. b3 Rc2 33. Kd4 c5+ 34. Kd3 Rxh2 35. Nd5+ Kd8 36. exf6 gxf6 37. Nxf6 Bf7 38. Kc3 b4+ 39. Kd3 Rxa2 40.
Ne4 Bxb3 41. Nxc5 a4 42. f6 Bf7 43. Be2 a3 44. Bg4 Rg2 45. Be6 a2 0-1

[Event "*** Titled Tuesday 3|2 Blitz"]
[Site "Chess.com"]
[Date "2016.10.04"]
[Round "9"]
[White "oskariot"]
[Black "brightthunder"]
[Result "1-0"]
[WhiteElo "2372"]
[BlackElo "2344"]
[TimeControl "180+2"]
[EndTime "12:50:49 PDT"]
[Termination "oskariot won by resignation"]

1. e4 c5 2. Nf3 e6 3. d4 cxd4 4.
Nxd4 a6 5. c4 Nf6 6. Nc3 Qc7 7.
Be2 Bb4 8. Qd3 Nc6 9. O-O O-O 10.
Bg5 Be7 11. Rac1 Ne5 12. Qg3 d6 13. Kh1 Ng6 14. f4 h6 15. f5 hxg5 16. fxg6 fxg6 17. Qxg5 Qc5 18. Qe3 Bd7 19. Rcd1 Rac8 20. Qg3 Qe5 21. Qxg6 Be8 22. Qg3 Qxg3 23. hxg3 Bf7 24. e5 dxe5 25.
Nf3 Ng4 26. Rd7 Bc5 27. Ng5 Bg6 28. Rxf8+ Rxf8 29. Nxe6 Nf2+ 30. Kh2 Rf6 31. Nxc5 1-0

[Event "*** Titled Tuesday 3|2 Blitz"]
[Site "Chess.com"]
[Date "2016.10.04"]
[Round "9"]
[White "Kawhi_Leonard2"]
[Black "MateusViageiro"]
[Result "1-0"]
[WhiteElo "1994"]
[BlackElo "2284"]
[TimeControl "180+2"]
[EndTime "12:50:53 PDT"]
[Termination "Kawhi_Leonard2 won by resignation"]

1. e4 c5 2. Nf3 d6 3. d4 cxd4 4. Nxd4 Nf6 5. Nc3 a6 6. a4 e5 7.
Nb3 Be6 8. Be2 Be7 9. Qd3 Nbd7 10. Nd5 Bxd5 11. exd5 Nc5 12. Nxc5 dxc5 13. c4 O-O 14.
Bf3 Bd6 15. O-O Re8 16. Re1 Qc7 17. Bg5 e4 18. Bxe4 Bxh2+ 19. Kh1 Nxe4 20. Rxe4 Bd6 21. Rae1 Qd7 22. b3 h6 23. Bd2 Rxe4 24. Qxe4 b5 25.
axb5 axb5 26. Bf4 bxc4 27. bxc4 Bxf4 28. Qxf4 Re8 29. Rxe8+ Qxe8 30. Qe3 Qc8 31. Qe7 Qg4 32. Qxc5 Qd1+ 33. Kh2 Qh5+ 34. Kg3 Qg5+ 35. Kf3 Qf5+ 36.
Ke2 Qc2+ 37. Kf3 Qf5+ 38. Ke3 Qg5+ 39. Kd3 Qxg2 40. d6 Qf3+ 41. Kc2 Qe2+ 42. Kb3 Qd1+ 43.
Kb4 Qb1+ 44. Ka5 Qa2+ 45. Kb6 Qb1+ 46. Kc7 Qe4 47. d7 Qf4+ 48. Kc8 Qg4 49. f3 Qh3 50. Kc7 Qg3+ 51. Qd6 Qxf3 52. d8=Q+ Kh7 53. Qd3+ 1-0

[Event "*** Titled Tuesday 3|2 Blitz"]
[Site "Chess.com"]
[Date "2016.10.04"]
[Round "9"]
[White "MFBerna"]
[Black "annakantane"]
[Result "1-0"]
[WhiteElo "2164"]
[BlackElo "2207"]
[TimeControl "180+2"]
[EndTime "12:51:01 PDT"]
[Termination "MFBerna won by checkmate"]

1. e4 c5 2. Nf3 e6 3. d4 cxd4 4.
Nxd4 Nc6 5. Nc3 Qc7 6. Be3 Nf6 7. f3 a6 8. Qd2 Be7 9. O-O-O b5 10. g4 b4 11.
Nce2 Nxd4 12. Nxd4 Bb7 13. g5 Nh5 14. Be2 d5 15. f4 g6 16. Bxh5 gxh5 17. e5 O-O-O 18. Kb1 Kb8 19. Rc1 h6 20. g6 Bc5 21. g7 Rhg8 22. Rhg1 Qb6 23. c3 a5 24. cxb4 Bxb4 25.
Qd3 Ba6 26. Qc2 Ka8 27. Qc7 Bd3+ 28. Ka1 Qxc7 29. Rxc7 Bg6 30. Nc6 Rde8 31. Ra7# 1-0

[Event "*** Titled Tuesday 3|2 Blitz"]
[Site "Chess.com"]
[Date "2016.10.04"]
[Round "9"]
[White "maciek_92"]
[Black "jcibarra"]
[Result "0-1"]
[WhiteElo "2603"]
[BlackElo "2705"]
[TimeControl "180+2"]
[EndTime "12:51:02 PDT"]
[Termination "jcibarra won by resignation"]

1. c4 e5 2. Nc3 Nc6 3. g3 Bc5 4.
Bg2 a6 5. e3 d6 6. Nge2 Ba7 7. d4 exd4 8. exd4 Nge7 9. O-O O-O 10. Be3 Nf5 11. Qd2 Nxe3 12. fxe3 Ne7 13. Rae1 c6 14. Nf4 Ng6 15. b4 Nxf4 16. Rxf4 Qe7 17.
c5 Bb8 18. Re4 Qd8 19. Rf1 a5 20. a3 axb4 21. axb4 dxc5 22. bxc5 Be6 23. Rh4 h6 24. Ne4 Ra2 25. Qd1 f5 26. Nc3 Ra3 27. Qc1 Qa5 28.
Ne2 Bc7 29. e4 Bd8 30. Rh5 Bg5 31. Nf4 Bf7 32. Rxg5 hxg5 33. Ne2 Bh5 34. Qc4+ Kh8 35. exf5 Qd2 36. Nc1 Rc3 37. Qb4 Qe3+ 38. Kh1 Rxc1 0-1

[Event "*** Titled Tuesday 3|2 Blitz"]
[Site "Chess.com"]
[Date "2016.10.04"]
[Round "9"]
[White "biostatistician"]
[Black "ilya261991"]
[Result "0-1"]
[WhiteElo "2428"]
[BlackElo "2482"]
[TimeControl "180+2"]
[EndTime "12:51:10 PDT"]
[Termination "ilya261991 won by resignation"]

1. d4 Nf6 2. Nf3 g6 3. c4 Bg7 4.
Nc3 d5 5. cxd5 Nxd5 6. e4 Nxc3 7. bxc3 c5 8. Be3 Qa5 9. Qd2 cxd4 10. cxd4 Nc6 11. Qxa5 Nxa5 12. Rc1 O-O 13. Bd3 f5 14.
exf5 Bxf5 15. Bxf5 Rxf5 16. Ke2 Nc6 17. Rhd1 Rd8 18.
Rd2 h6 19. Rcd1 Rfd5 20. h4 e6 21. Rd3 R8d7 22. R3d2 Kh7 23. Rd3 Nb4 24. R3d2 Ra5 25. Ra1 Nd5 26. Rc1 Ra3 27. Rcc2 Nc3+ 28. Ke1 Ne4 29. Rd1 b5 30. Ne5 Rb7 31. Rdc1 a5 32.
Rc7 Rxc7 33. Rxc7 Rxa2 34. Ng4 g5 35. h5 b4 36. f3 Ra1+ 37. Ke2 Ng3+ 38. Kd3 Nxh5 39. d5 Ra3+ 40. Ke4 exd5+ 41. Kxd5 Rd3+ 42. Ke4 Rd8 43. Ra7 b3 44. Rxa5 Rb8 45. Bc1 b2 46. Bxb2 Rxb2 47. Ne3 Re2 48. g4 Nf4 49. Ra7 Ng2 50.
Kf5 Nxe3+ 51. Ke6 Nxg4+ 52. Kf5 Nh2 0-1

[Event "*** Titled Tuesday 3|2 Blitz"]
[Site "Chess.com"]
[Date "2016.10.04"]
[Round "9"]
[White "LyonBeast"]
[Black "VSERGUEI"]
[Result "1-0"]
[WhiteElo "2737"]
[BlackElo "2572"]
[TimeControl "180+2"]
[EndTime "12:51:12 PDT"]
[Termination "LyonBeast won on time"]

1. e4 e6 2. d4 d5 3. Nd2 Nf6 4.
e5 Nfd7 5. c3 c5 6. Bd3 Nc6 7.
Ngf3 a5 8. O-O a4 9. Re1 a3 10. b4 cxb4 11. c4 Nb6 12. c5 Na4 13. Qc2 h6 14. Nb3 Bd7 15. Bd2 Qc7 16. Bb5 Nxe5 17. Bxd7+ Nxd7 18. Bxb4 Nab6 19. Ba5 Qc8 20. Rxe6+ fxe6 21. Qg6+ Kd8 22. Qxe6 Qc6 23. Qf7 Qf6 24. Bxb6+ Nxb6 25. Qxb7 Rc8 26. cxb6 Qc6 27. Qxc6 Rxc6 28. Ne5 Rf6 29.
Rc1 Bd6 30. b7 Ke7 31. Rc8 Re8 32. Na5 Bxe5 33. dxe5 Rb6 34. b8=Q Rxc8 35. Qa7+ Ke8 36. g3 Rb1+ 37. Kg2 Rb2 38. e6 Rcc2 39. Qd7+ 1-0

[Event "*** Titled Tuesday 3|2 Blitz"]
[Site "Chess.com"]
[Date "2016.10.04"]
[Round "9"]
[White "macko06"]
[Black "Scott-fox21"]
[Result "1-0"]
[WhiteElo "2136"]
[BlackElo "2151"]
[TimeControl "180+2"]
[EndTime "12:51:13 PDT"]
[Termination "macko06 won by resignation"]

1. d4 d5 2. c4 e6 3. Nf3 c6 4. g3 dxc4 5. a4 Nd7 6. Qc2 Ngf6 7.
Qxc4 Be7 8. Bg2 O-O 9. O-O Nb6 10.
Qc2 Nbd5 11. Bd2 Nb4 12. Bxb4 Bxb4 13. Nc3 Qe7 14. Rfd1 Rd8 15. e3 Bd7 16. Ne5 Re8 17. a5 a6 18. Qb3 Rab8 19. Ra4 Bd6 20. Nc4 c5 21. Raa1 cxd4 22. exd4 Bc6 23. Bxc6 bxc6 24.
Nb6 Nd7 25. Nca4 Bc7 26. Qc4 Bxb6 27. axb6 Nxb6 28. Nxb6 Rxb6 29. Rxa6 Qb7 30. Rxb6 Qxb6 31. Qc3 Rb8 32. Rd2 Qb4 33. Rc2 Qxc3 34. bxc3 Kf8 35.
h4 Ke7 36. Kf1 Kd6 37. Ke2 c5 38. Ra2 cxd4 39. cxd4 Rb7 40. Ke3 Kd5 41. Ra5+ Kd6 42. f4 Rb3+ 43. Kf2 Ke7 44. d5 Rb2+ 45. Kf3 Rb3+ 46. Kg4 h5+ 47. Kh3 exd5 48. Rxd5 g6 49. Rg5 Kf6 50. f5 Rb5 51. fxg6 Rxg5 52. hxg5+ Kxg6 53.
Kh4 f6 54. gxf6 Kxf6 55. Kxh5 Kf7 56. g4 Kf6 57. Kh6 Kf7 58. g5 Kf8 59. Kg6 Kg8 60. Kh6 Kh8 61. g6 Kg8 62. g7 1-0

[Event "*** Titled Tuesday 3|2 Blitz"]
[Site "Chess.com"]
[Date "2016.10.04"]
[Round "9"]
[White "AndrewMcStone"]
[Black "ka1ser64"]
[Result "0-1"]
[WhiteElo "2002"]
[BlackElo "2299"]
[TimeControl "180+2"]
[EndTime "12:51:13 PDT"]
[Termination "ka1ser64 won on time"]

1. d4 d5 2. c4 dxc4 3. e4 e5 4. Nf3 exd4 5. Bxc4 Bb4+ 6. Nbd2 Nf6 7. e5 Ne4 8. Bxf7+ Kxf7 9. Qb3+ Be6 10. Qxb4 Nxd2 11. Bxd2 Nc6 12. Qxb7 Bd5 13. O-O Re8 14. e6+ Kg8 15. Rfe1 Rb8 16. Qa6 Bxf3 17. gxf3 Qd5 18. Re4 Rxb2 19. Bf4 d3 20. Rd1 Nb4 21. Qxa7 Rxe6 22.
Qxc7 Rxe4 23. fxe4 Qxe4 24. Qd8+ Kf7 25. Qc7+ Kg6 26.
Qd6+ Kf5 27. Be3 Qg4+ 0-1

[Event "*** Titled Tuesday 3|2 Blitz"]
[Site "Chess.com"]
[Date "2016.10.04"]
[Round "9"]
[White "Mornar1951"]
[Black "daro94"]
[Result "0-1"]
[WhiteElo "2585"]
[BlackElo "2658"]
[TimeControl "180+2"]
[EndTime "12:51:24 PDT"]
[Termination "daro94 won by resignation"]

1. Nf3 Nf6 2. c4 g6 3. Nc3 d5 4.
cxd5 Nxd5 5. e4 Nxc3 6. dxc3 Qxd1+ 7. Kxd1 f6 8. h4 e5 9. Be3 Nd7 10. h5 g5 11. Bc4 Bc5 12. Ke2 Bxe3 13. Kxe3 Ke7 14. Nh2 h6 15. Nf1 a5 16. Ng3 Nb6 17.
Be2 Be6 18. b3 Rhd8 19. Rhd1 Rxd1 20. Bxd1 a4 21. Rb1 axb3 22. Bxb3 Bc8 23. Rd1 Na4 24.
Rc1 Nc5 25. Rc2 Ra3 26. Rb2 b6 27. f3 Bd7 28. Kd2 g4 29. Kc2 gxf3 30. gxf3 f5 31. exf5 Bc6 32. Kd2 Bxf3 33. Ke3 Bc6 34. Rf2 Kf6 35.
Bg8 Rxc3+ 0-1

[Event "*** Titled Tuesday 3|2 Blitz"]
[Site "Chess.com"]
[Date "2016.10.04"]
[Round "9"]
[White "Gergo85"]
[Black "ChessWarrior7197"]
[Result "0-1"]
[WhiteElo "2453"]
[BlackElo "2492"]
[TimeControl "180+2"]
[EndTime "12:51:33 PDT"]
[Termination "ChessWarrior7197 won by resignation"]

1. e4 e5 2. Nc3 Nf6 3. g3 d5 4. exd5 Nxd5 5. Bg2 Nxc3 6. bxc3 Be7 7. Nf3 Nc6 8. O-O O-O 9. Re1 f6 10. d4 Bg4 11. h3 Bh5 12. g4 Bf7 13. Rb1 Rb8 14. a4 Re8 15. Be3 exd4 16. Nxd4 Nxd4 17. Qxd4 b6 18. Bc6 Rf8 19. Bf4 Bc5 20. Qxd8 Rbxd8 21. Rbd1 h5 22. Bxc7 Rxd1 23. Rxd1 hxg4 24. hxg4 Rc8 25. Rd8+ Rxd8 26. Bxd8 Bg6 27. Bd5+ Kf8 28. Bb3 Be4 29.
Bc7 Bf3 30. Bb8 a5 31. g5 fxg5 32. Be5 g4 33. Bd4 g6 34. Kh2 Bd6+ 35. Kg1 Bc5 36. Kh2 Ke7 37. Kg3 g5 38. Be5 Bd6 39. Bxd6+ Kxd6 40. Bf7 Ke5 41. Be8 Kd5 42. Bd7 Kc4 43. Bxg4 Bxg4 44.
Kxg4 b5 45. axb5 Kxb5 46. Kxg5 a4 47. f4 a3 48. f5 a2 49. f6 a1=Q 50. Kg6 Qg1+ 51.
Kf7 Qg5 52. Ke6 Qg6 53. Ke7 Qe4+ 54. Kf8 Qf5 55. f7 Kc6 56. c4 Kd6 57. c5+ Ke6 58. Kg8 Qxf7+ 0-1

[Event "*** Titled Tuesday 3|2 Blitz"]
[Site "Chess.com"]
[Date "2016.10.04"]
[Round "9"]
[White "josiwales"]
[Black "APL2001"]
[Result "0-1"]
[WhiteElo "2217"]
[BlackElo "2432"]
[TimeControl "180+2"]
[EndTime "12:51:46 PDT"]
[Termination "APL2001 won on time"]

1. e4 Nf6 2. e5 Nd5 3. d4 d6 4.
Bc4 Nb6 5. Bb3 dxe5 6. Qh5 e6 7. dxe5 a5 8. a4 Na6 9. Be3 Nc5 10. Bxc5 Bxc5 11. Ne2 g6 12. Qf3 Qg5 13. Qe4 Qf5 14. Qxf5 gxf5 15. Nbc3 Bd7 16. Rf1 Bc6 17. f3 Be3 18.
Nd1 Bc5 19. Ndc3 O-O-O 20. Nf4 Be3 21. Nd3 Rhg8 22. g3 h5 23. Ke2 Bd4 24. Nb5 h4 25. c3 hxg3 26. hxg3 Bxb5 27. axb5 a4 28. Bc2 Rxg3 29.
cxd4 Rxd4 30. Rg1 Rh3 31. Rg8+ Kd7 32. Ke3 Rd5 33. Nf4 Nc4+ 34. Kf2 Rd2+ 35. Kg1 Rxf3 36.
Nh5 Nxe5 37. Bxa4 Re3 38. b6+ c6 39. Kf1 Rh3 40. Nf4 Rf3+ 41. Ke1 Rh2 42. Rd1+ Ke7 43. Ne2 Re3 0-1

[Event "*** Titled Tuesday 3|2 Blitz"]
[Site "Chess.com"]
[Date "2016.10.04"]
[Round "9"]
[White "bugsbunny444"]
[Black "Hieronymus00"]
[Result "1-0"]
[WhiteElo "2333"]
[BlackElo "2167"]
[TimeControl "180+2"]
[EndTime "12:51:56 PDT"]
[Termination "bugsbunny444 won by resignation"]

1. Nf3 Nf6 2. c4 g6 3. b4 Bg7 4. Bb2 O-O 5. g3 d6 6. Bg2 e5 7.
O-O Nc6 8. b5 Ne7 9. d3 h6 10.
Nbd2 Be6 11. Qc2 Nd7 12. d4 Bf5 13. e4 Bg4 14. h3 Bxf3 15. Nxf3 exd4 16. Nxd4 Nc5 17.
Rad1 Qe8 18. Rfe1 Nc8 19. Nb3 Ne6 20. e5 Rb8 21. Na5 dxe5 22. Bxe5 Bxe5 23. Rxe5 Nd6 24. Bd5 Kh7 25. Rde1 Qd8 26. Bxe6 fxe6 27. Rxe6 Rf6 28. Re7+ Rf7 29. Qe2 Qf8 30. c5 Nf5 31. Rxf7+ Qxf7 32. Qe6 Qxe6 33. Rxe6 b6 34. Nc6 Rf8 35. g4 Ng7 36. Re7 bxc5 37. Rxc7 Rf3 38. Kg2 Rf4 39. Nxa7 c4 40. b6 Kg8 41. b7 Ne6 42. b8=Q+ 1-0

[Event "*** Titled Tuesday 3|2 Blitz"]
[Site "Chess.com"]
[Date "2016.10.04"]
[Round "9"]
[White "AdrianaNikolova"]
[Black "Blitzstream"]
[Result "0-1"]
[WhiteElo "2254"]
[BlackElo "2542"]
[TimeControl "180+2"]
[EndTime "12:52:00 PDT"]
[Termination "Blitzstream won by resignation"]

1. e4 d5 2. exd5 Qxd5 3. Nc3 Qa5 4. d4 Nf6 5. Nf3 c6 6. h3 Bf5 7. Bd3 Bg6 8. Bf4 e6 9. Qd2 Bb4 10. O-O Nd5 11. Be5 Nxc3 12. a3 Ne4 13. Qxb4 Qxb4 14.
axb4 O-O 15. Rfe1 Nf6 16. Bxg6 hxg6 17. Ra3 Nbd7 18. Rea1 a6 19. Bc7 Rac8 20. Bd6 Rfd8 21. Be7 Re8 22. Bc5 Ne4 23. Re3 f5 24. Ne5 Nxe5 25.
dxe5 Nxc5 26. bxc5 Red8 27. Rb3 Rc7 28. f4 Rd4 29. Rf1 Kf7 30. Rff3 Ke7 31. Rfd3 Rxf4 32.
Rg3 Kf7 33. Rgd3 Re4 34. Rd8 Rxe5 35. Rb8 Rxc5 36. R8xb7 Rxb7 37. Rxb7+ Kf6 38. c3 Rb5 39. Rc7 Rxb2 40. Rxc6 Rc2 41. Rxa6 Rxc3 42. Kh2 g5 43. Rb6 Re3 44. Ra6 Kg6 45. Kg1 Re4 46. Kf2 Kf6 47.
Kf3 g4+ 48. hxg4 Rxg4 49. Kf2 Re4 50. Kf3 g5 51. Kf2 g4 52. Kg3 Re3+ 53. Kf2 Rc3 54. Rb6 f4 55. Ra6 Kf5 56. Ra8 e5 57. Rf8+ Ke4 58.
Rg8 g3+ 59. Ke2 Rc2+ 60. Kf1 Ke3 0-1

[Event "*** Titled Tuesday 3|2 Blitz"]
[Site "Chess.com"]
[Date "2016.10.04"]
[Round "9"]
[White "GeorgMeier"]
[Black "sandropozo"]
[Result "1-0"]
[WhiteElo "2701"]
[BlackElo "2371"]
[TimeControl "180+2"]
[EndTime "12:52:10 PDT"]
[Termination "GeorgMeier won by resignation"]

1. Nf3 d5 2. g3 Nf6 3. Bg2 Bf5 4. O-O e6 5. c4 c6 6. cxd5 exd5 7. d3 Nbd7 8. Nc3 Be7 9. e4 Bg4 10. exd5 cxd5 11. h3 Bxf3 12. Qxf3 Ne5 13. Qf5 Nc6 14.
Nxd5 O-O 15. Be3 Re8 16. Nxe7+ Qxe7 17. Qb5 Rad8 18. Rac1 Qd7 19. Rfd1 Nd5 20. Bxd5 Qxd5 21. Qxb7 Rd6 22. Bf4 Rde6 23. Qb3 Qf3 24. Qc4 h5 25. h4 Re2 26. Rf1 R8e6 27. b4 Rg6 28. b5 Ne7 29.
Rce1 Kh7 30. Rxe2 Qxe2 31. Qe4 Qxe4 32. dxe4 Re6 33. Re1 Ng6 34. Bb8 f5 35. Bxa7 fxe4 36. Be3 Ne5 37. Rb1 Nf3+ 38. Kg2 g5 39. hxg5 h4 40. gxh4 Nxh4+ 41. Kg3 Nf3 42. b6 1-0

[Event "*** Titled Tuesday 3|2 Blitz"]
[Site "Chess.com"]
[Date "2016.10.04"]
[Round "9"]
[White "Ar4uha"]
[Black "Malev212"]
[Result "0-1"]
[WhiteElo "2478"]
[BlackElo "2364"]
[TimeControl "180+2"]
[EndTime "12:52:19 PDT"]
[Termination "Malev212 won by resignation"]

1. e4 c6 2. Nc3 d5 3. Qe2 Nf6 4. e5 Ng4 5. h3 Nh6 6. g4 Na6 7. Bg2 d4 8. Ne4 d3 9. Qxd3 Qxd3 10.
cxd3 Nb4 11. Ke2 f5 12. exf6 exf6 13. a3 Nc2 14. Rb1 Be6 15. Nf3 Ba2 16. Nc3 Bxb1 17. Nxb1 O-O-O 18. b4 Nd4+ 19. Nxd4 Rxd4 20. Bb2 Rd7 21.
Nc3 Bd6 22. Ne4 Re8 23. Kd1 Be5 24. Bxe5 Rxe5 25. Kc2 f5 26. Nc5 Rd8 27. g5 Nf7 28. h4 Nd6 29. a4 a5 30. d4 Re2 31. Rf1 axb4 32. Bf3 Re7 33. d3 Ne8 34. Nb3 Nc7 35.
a5 Ne6 36. d5 cxd5 37. Kd2 Rc7 38. Rb1 Rd6 39. Nc1 Nd4 40. Bd1 b3 41. Nxb3 Nxb3+ 42. Rxb3 Rc5 43. Rb4 Rxa5 44. Bf3 g6 45. h5 Kc7 46. Ke3 b5 47. Rb1 Kb6 48. Kf4 gxh5 49. Kxf5 Ra2 50. Ke5 Rd8 51. Bxd5 Rxf2 52. Be4 Rd7 53.
Rh1 b4 54. Rxh5 b3 55. Rh1 b2 56. Rb1 Kb5 57. d4 Kb4 58. d5 Kc3 59. Ke6 Ra7 60. d6 Re2 61. d7 Rxe4+ 62. Kf5 Rd4 0-1

[Event "*** Titled Tuesday 3|2 Blitz"]
[Site "Chess.com"]
[Date "2016.10.04"]
[Round "9"]
[White "Noukii"]
[Black "TomsKantans"]
[Result "1-0"]
[WhiteElo "2610"]
[BlackElo "2470"]
[TimeControl "180+2"]
[EndTime "12:52:27 PDT"]
[Termination "Noukii won by resignation"]

1. d4 Nf6 2. c4 g6 3. f3 c5 4.
d5 Bg7 5. e4 d6 6. Nc3 O-O 7.
Bg5 e6 8. Qd2 Re8 9. Nge2 h6 10.
Be3 exd5 11. cxd5 a6 12. a4 Nbd7 13. Nc1 Ne5 14. Be2 g5 15. O-O Bd7 16. b3 Rb8 17. Nd3 Nxd3 18. Bxd3 b5 19. axb5 axb5 20. Ra6 Qe7 21.
Bf2 Nh5 22. Rc1 Nf4 23. Bf1 h5 24. Be3 b4 25. Ne2 Bb5 26. Ra2 Bxe2 27. Bxe2 Nxe2+ 28. Qxe2 f5 29. Rc4 g4 30. Bf2 gxf3 31. gxf3 Qg5+ 32. Kh1 fxe4 33. Rxe4 Qg6 34. Bg3 Rxe4 35. Qxe4 Qxe4 36. fxe4 Bf8 37. Kg2 Re8 38. Kf3 Re7 39.
Ra6 Rf7+ 40. Ke2 Rf6 41. e5 Rf5 42. Ke3 dxe5 43. Ke4 Rf1 44. Bxe5 Re1+ 45. Kf5 Rb1 46. Ra8 Kf7 47. Ra7+ Ke8 48. Ke6 1-0

[Event "*** Titled Tuesday 3|2 Blitz"]
[Site "Chess.com"]
[Date "2016.10.04"]
[Round "9"]
[White "Iball95"]
[Black "Lupul_Cenusiu"]
[Result "0-1"]
[WhiteElo "2496"]
[BlackElo "2388"]
[TimeControl "180+2"]
[EndTime "12:52:32 PDT"]
[Termination "Lupul_Cenusiu won by resignation"]

1. d4 Nf6 2. c4 g6 3. Nc3 Bg7 4. e4 O-O 5. Nf3 d6 6. h3 c6 7. Bd3 Nbd7 8. O-O e5 9. d5 Nc5 10. Be3 a5 11. Nxe5 Nfxe4 12. Nxe4 Nxe4 13. Bxe4 Bxe5 14. dxc6 bxc6 15. Rb1 Qc7 16. b3 Re8 17. Qf3 Bd7 18.
Rfd1 f5 19. Bd3 Be6 20. Bf4 c5 21. Re1 Bf7 22. Re2 a4 23. bxa4 Rxa4 24. Rb7 Qc8 25. Bh6 Bf6 26. Rxe8+ Qxe8 27. g4 Rxa2 28. gxf5 Bd4 29.
fxg6 Bxg6 30. Bxg6 Qxg6+ 31. Qg4 Qxg4+ 32. hxg4 Rxf2 33. Kh1 Rb2 34. Rxb2 Bxb2 35. Kg2 Kf7 36. Kf3 Ke6 37. Ke4 Be5 38. Be3 Kf6 39. Bd2 Ke6 40. Be3 Bh2 41.
Bd2 Bg3 42. Be3 Kd7 43. Kd5 Kc7 44. Bh6 Kb6 45. Bf8 Ka5 46. Bxd6 Bxd6 47. Kxd6 Kb4 48. g5 Kxc4 49. Ke6 Kd4 50. Kf7 Ke5 51. Kg7 Kf5 0-1

[Event "*** Titled Tuesday 3|2 Blitz"]
[Site "Chess.com"]
[Date "2016.10.04"]
[Round "9"]
[White "Grootneus"]
[Black "Usurpov"]
[Result "0-1"]
[WhiteElo "2005"]
[BlackElo "2268"]
[TimeControl "180+2"]
[EndTime "12:52:32 PDT"]
[Termination "Usurpov won on time"]

1. e4 c5 2. c3 e6 3. d4 d5 4. exd5 exd5 5. Nf3 Nf6 6. Bb5+ Bd7 7.
Bxd7+ Nbxd7 8. O-O Be7 9. dxc5 Nxc5 10. Bg5 O-O 11. Nbd2 Qb6 12. Nb3 Nce4 13. Be3 Qc7 14. Nfd4 Rfe8 15. f3 Nd6 16. Bf4 Qb6 17. Kh1 Nc4 18.
Qc2 Bd6 19. Bg5 Bf8 20. Rae1 g6 21. f4 Ne3 22. Rxe3 Rxe3 23. f5 Re5 24. Bf4 Ree8 25. fxg6 hxg6 26. Nf3 Bg7 27. Nbd4 Ne4 28. h4 Rac8 29.
Qc1 Nf2+ 30. Kg1 Nd3 31. Qd2 Nc5 32. h5 Ne4 33. Qd3 Qxb2 34. hxg6 fxg6 35. Nb3 Rcd8 36. Qb5 Qxc3 37. Rc1 Qf6 38. Bc7 Rc8 39. Qxd5+ Qf7 40. Qd3 Rxc7 41. Rxc7 Qxc7 42. Qd5+ Qf7 43. Qb5 b6 44. Qa4 Qe6 0-1

[Event "*** Titled Tuesday 3|2 Blitz"]
[Site "Chess.com"]
[Date "2016.10.04"]
[Round "9"]
[White "Zhani-Z"]
[Black "Sanan_Sjugirov"]
[Result "0-1"]
[WhiteElo "2342"]
[BlackElo "2686"]
[TimeControl "180+2"]
[EndTime "12:52:39 PDT"]
[Termination "Sanan_Sjugirov won by resignation"]

1. e4 c5 2. Nf3 d6 3. d4 cxd4 4. Nxd4 Nf6 5. Nc3 a6 6. Bc4 e6 7. Bb3 Nbd7 8. Bg5 Nc5 9. O-O Be7 10. Qe1 O-O 11. Rd1 Qc7 12. f4 h6 13. Bh4 b5 14.
e5 dxe5 15. fxe5 Nh7 16. Bxe7 Qxe7 17. Ne4 Nxe4 18. Qxe4 Bb7 19. Qe2 Rad8 20. c3 b4 21.
c4 Qc5 22. Qe3 Rd7 23. Nf5 Qxe3+ 24. Nxe3 Rfd8 25. Rxd7 Rxd7 26. c5 Bc6 27. Rc1 Ng5 28. Nc4 Ne4 29. Nd6 Nd2 30. Bd1 Rc7 31. Be2 a5 32. Bd3 Bd5 33. Rd1 Rxc5 34. Rxd2 Bxa2 35. Bc2 g6 36. Re2 Bd5 37. Ba4 Rc1+ 38. Kf2 Ra1 39. Be8 a4 40. Bxf7+ Kg7 41. Be8 a3 42. bxa3 bxa3 43.
Ke3 a2 44. Rf2 Re1+ 45. Kd2 a1=Q 0-1

[Event "*** Titled Tuesday 3|2 Blitz"]
[Site "Chess.com"]
[Date "2016.10.04"]
[Round "9"]
[White "LuckyTiger"]
[Black "OparinGrigoriy"]
[Result "1-0"]
[WhiteElo "2599"]
[BlackElo "2588"]
[TimeControl "180+2"]
[EndTime "12:52:44 PDT"]
[Termination "LuckyTiger won by resignation"]

1. e4 c5 2. c3 d5 3. exd5 Qxd5 4. d4 Nf6 5. Nf3 Bg4 6. Nbd2 e6 7. Qa4+ Nc6 8. Bc4 Qd7 9. Bb5 Bxf3 10. Nxf3 Rc8 11. Ne5 Qd5 12. O-O cxd4 13. cxd4 Bd6 14. Bxc6+ bxc6 15. Qxa7 O-O 16. Be3 Ra8 17. Qb6 Bxe5 18.
dxe5 Ng4 19. Bf4 Rxa2 20. Rxa2 Qxa2 21. h3 Qc4 22. g3 Nh6 23. Bxh6 gxh6 24. Qe3 Kg7 25.
Rc1 Qb5 26. Qf4 Kg8 27. Rc4 Rd8 28. Kg2 Rd3 29. Rb4 Qd5+ 30. Kh2 Qd8 31. Qxh6 Rd4 32. Rb3 Rd2 33. Rf3 Rd4 34. Rf6 Qf8 35. Qg5+ Qg7 36.
Qe3 Rb4 37. b3 Rb8 38. Rf4 h5 39. Rf6 Rb4 40. h4 Qg4 41. Rf4 Rxf4 42. Qxf4 Qxf4 43.
gxf4 Kg7 44. f5 exf5 45. Kg3 Kg6 46. Kf4 c5 47. f3 c4 48. bxc4 Kg7 49. Kxf5 Kf8 50.
Kf6 1-0

[Event "*** Titled Tuesday 3|2 Blitz"]
[Site "Chess.com"]
[Date "2016.10.04"]
[Round "9"]
[White "Kubas1010"]
[Black "Wolverine_master"]
[Result "1-0"]
[WhiteElo "2456"]
[BlackElo "2067"]
[TimeControl "180+2"]
[EndTime "12:52:49 PDT"]
[Termination "Kubas1010 won by resignation"]

1. d4 Nf6 2. c4 c5 3. d5 b5 4. cxb5 a6 5. bxa6 Bxa6 6. Nc3 d6 7. e4 Bxf1 8. Kxf1 g6 9. Nf3 Nbd7 10. g3 Bg7 11.
Kg2 O-O 12. a4 Qb6 13. Qc2 Rfb8 14. Nb5 Ne8 15. Nd2 Nc7 16. Nc4 Qb7 17. Nxc7 Qxc7 18.
Bg5 Nb6 19. Nxb6 Qxb6 20. Rhb1 Ra7 21. Bd2 Qb3 22. Qxb3 Rxb3 23. Ra3 Rxb2 24. Rxb2 Bxb2 25. Rb3 Bd4 26. Bh6 Ra8 27. a5 Bg7 28. Bxg7 Kxg7 29. Rb5 f5 30. Kf3 Kf6 31. Ke3 fxe4 32. Kxe4 e6 33. f4 exd5+ 34. Kxd5 Ra6 35. g4 h5 36. h3 hxg4 37. hxg4 Ke7 38. Rb7+ Kf6 39. Rb6 Rxa5 40. Rxd6+ Kf7 41. Rc6 Ra4 42. Ke5 g5 43. Rc7+ Kg8 44.
f5 Rxg4 45. Kf6 Rf4 46. Kg6 Kf8 47. f6 Ke8 48. f7+ Kf8 49. Rc8+ Ke7 50. Rxc5 Rxf7 51. Rc7+ Ke6 52. Rxf7 g4 53. Rf4 g3 1-0

[Event "*** Titled Tuesday 3|2 Blitz"]
[Site "Chess.com"]
[Date "2016.10.04"]
[Round "9"]
[White "Kouzari"]
[Black "johnathan113"]
[Result "1-0"]
[WhiteElo "2442"]
[BlackElo "2314"]
[TimeControl "180+2"]
[EndTime "12:53:22 PDT"]
[Termination "Kouzari won by resignation"]

1. e4 g6 2. d4 Nf6 3. h4 Nxe4 4.
h5 Bg7 5. h6 Bf6 6. d5 c6 7. f3 Qa5+ 8. c3 Ng3 9. Rh3 Nxf1 10.
Kxf1 d6 11. g4 cxd5 12. Nd2 Nc6 13. Nb3 Qb5+ 14. Kg2 O-O 15. Ne2 e5 16. Rh1 e4 17.
Nf4 exf3+ 18. Qxf3 Be6 19. Nh5 gxh5 20. Qxf6 Qe2+ 21. Kg1 Qxg4+ 22. Kh2 Qg6 23. Rg1 Bg4 24. Bg5 Ne5 25. Raf1 Rae8 26. Nd4 Qxf6 27. Bxf6 Nd7 28. Bg7 Re3 29. Bxf8 Kxf8 30. Nf5 Re6 31. Rf4 Nf6 32. Nd4 Ke7 33. Nxe6 Bxe6 34. Rg7 Ng4+ 35. Rfxg4 hxg4 36. Rxh7 Kf6 37. Rg7 d4 38. cxd4 Bxa2 39. Rxg4 Bb1 40. Kg3 b5 41. b4 Bg6 42. Kf4 a6 43. d5 Bd3 44. Rg8 Bc2 45. Ra8 Kg6 46. Rxa6 Kxh6 47. Rxd6+ Kg7 48. Ke5 Kf8 49. Rb6 Bd3 50. d6 Ke8 51.
Rb7 Bc4 52. Kf6 Kd8 53. Rc7 Be6 54. Rb7 Bc4 55. Ke5 Kc8 56. Rc7+ Kd8 57. Kd4 Ke8 58. Kc5 Kd8 59. Ra7 f5 60. d7 Bd3 61. Kd6 Be4 62. Rc7 Bb7 63. Rxb7 1-0